 Dungeon Crawl Stone Soup version 0.30-a0-862-g1aabd4f9c5 (webtiles) character file.

Game seed: 9483620287187772599

63270 mandoloar the Thaumaturge (level 15, -6/97 (115) HPs)
             Began as a Gnoll Earth Elementalist on Mar 8, 2023.
             Was a High Priest of Vehumet.
             Mangled by Rupert
             ... wielding a +4 great mace of draining
              (30 damage)
             ... on level 12 of the Dungeon on Mar 9, 2023.
             The game lasted 01:19:01 (29985 turns).

mandoloar the Thaumaturge (GnEE)                   Turns: 29985, Time: 01:19:02

HP:   -6/97 (115)   AC: 13    Str:  9    XL:     15   Next: 9%
MP:   19/30         EV: 18    Int: 23    God:    Vehumet [*****.]
Gold: 1935          SH: 12    Dex: 18    Spells: 25/36 levels left

rFire   + . .      SeeInvis .    a - +8 autumn katana {manifold assault}
rCold   + . .      Faith    .    B - +0 kite shield
rNeg    . . .      Spirit   .    l - +0 robe {rF+}
rPois   +          Reflect  .    (no helmet)
rElec   .          Rampage  .    z - +1 cloak
rCorr   .                        s - +0 pair of gloves of Usmonaq {rPois rC+ Str+2}
Will    ++...                    C - +1 pair of boots "Jaskai" {Will+}
Stlth   +++++                    w - amulet of magic regeneration
HPRegen 0.36/turn                g - +4 ring of protection
MPRegen 0.62/turn                j - +6 ring of dexterity

@: freezing walls, heavily drained
A: fangs 1, strong nose, distributed training
a: Renounce Religion


You were on level 12 of the Dungeon.
You worshipped Vehumet.
Vehumet was extremely pleased with you.
You visited 3 branches of the dungeon, and saw 18 of its levels.

You collected 1935 gold pieces.

Inventory:

Hand Weapons
 a - the +8 autumn katana (weapon) {manifold assault}
   (You found it on level 5 of the Lair of Beasts)

   Manifold Assault: It sometimes launches melee attacks against multiple
   visible enemies.
 b - a +1 sling
Armour
 l - a +0 robe of fire resistance (worn)
 s - the +0 pair of gloves of Usmonaq (worn) {rPois rC+ Str+2}
   (You acquired it on level 8 of the Dungeon)

   Str:       It affects your strength (+2).
   rC:        It protects you from cold.
   rPois:     It protects you from poison.
 z - a +1 cloak (worn)
 B - a +0 kite shield (worn)
 C - the +1 pair of boots "Jaskai" (worn) {Will+}
   (You found it on level 10 of the Dungeon)

   Will:      It increases your willpower.
Jewellery
 g - a +4 ring of protection (left hand)
 j - a +6 ring of dexterity (right hand)
 w - an amulet of magic regeneration (around neck)
 y - a ring of see invisible
 N - a ring of poison resistance
Wands
 k - a wand of flame (16)
 m - a wand of polymorph (16)
 u - a wand of iceblast (43)
 F - a wand of paralysis (3)
 O - a wand of acid (7)
 P - a wand of mindburst (8)
Scrolls
 c - a scroll of teleportation
 d - 2 scrolls of fear
 p - 2 scrolls of immolation
 q - 5 scrolls of blinking
 t - 3 scrolls of identify
 x - 4 scrolls of fog
 G - 2 scrolls of silence
 K - a scroll of magic mapping
 M - a scroll of amnesia
Potions
 e - 5 potions of lignification
 f - 5 potions of attraction
 h - 2 potions of cancellation
 i - 3 potions of ambrosia
 n - 3 potions of heal wounds
 o - 5 potions of haste
 r - 5 potions of curing
 v - 2 potions of mutation
 A - a potion of resistance
 E - a potion of magic
 H - 2 potions of invisibility
 L - 2 potions of brilliance


   Skills:
 + Level 10.1 Fighting
 + Level 10.1 Short Blades
 + Level 10.1 Long Blades
 + Level 10.1 Axes
 + Level 10.1 Maces & Flails
 + Level 10.1 Polearms
 + Level 10.1 Staves
 + Level 10.1 Ranged Weapons
 + Level 10.1 Throwing
 + Level 10.1 Armour
 + Level 11.1 Dodging
 + Level 11.0 Stealth
 + Level 10.1 Shields
 + Level 10.1 Unarmed Combat
 + Level 11.3 Spellcasting
 + Level 8.5 Conjurations
 + Level 8.5 Hexes
 + Level 8.5 Summonings
 + Level 8.5 Necromancy
 + Level 8.5 Translocations
 + Level 8.8 Transmutations
 + Level 8.5 Fire Magic
 + Level 8.5 Ice Magic
 + Level 8.5 Air Magic
 + Level 10.1 Earth Magic
 + Level 8.5 Poison Magic
 + Level 11.0 Invocations
 + Level 10.1 Evocations


You had 25 spell levels left.
You knew the following spells:

 Your Spells              Type           Power      Damage    Failure   Level
a - Sandblast             Erth           100%       2d20      1%          1
b - Stone Arrow           Conj/Erth      100%       3d13      1%          3
c - Frozen Ramparts       Ice            100%       1d16      1%          3
d - Flame Wave            Conj/Fire      51%        2d13      1%          4

Your spell library contained the following spells:

 Spells                   Type           Power      Damage    Failure   Level
 Ensorcelled Hibernation  Hex/Ice        100%       N/A       1%          2
 Passwall                 Tmut/Erth      45%        N/A       1%          2
 Gell's Gravitas          Tloc           51%        N/A       1%          3
 Swiftness                Air            51%        N/A       1%          3
 Teleport Other           Tloc           51%        N/A       1%          3
 Petrify                  Tmut/Erth      54%        N/A       2%          4
 Metabolic Englaciation   Hex/Ice        25%        N/A       9%          5
 Statue Form              Tmut/Erth      36%        N/A       32%         6
 Dispersal                Tloc           25%        N/A       45%         6


Dungeon Overview and Level Annotations

Branches:
Dungeon (12/15)            Temple (1/1) D:6            Lair (5/5) D:10
  Swamp (0/4) Lair:2        Snake (0/4) Lair:2        Slime (0/5) Lair:5
    Orc (0/2) D:11

Altars:
Ashenzari
Cheibriados
Dithmenos
Elyvilon
Fedhas
Gozag
Hepliaklqana
Kikubaaqudgha
Makhleb
Nemelex Xobeh
Okawaru
Qazlal
Ru
Sif Muna
Trog
Uskayaw
Vehumet
Wu Jian
Xom
Yredelemnul
Zin
The Shining One

Shops:
D:2 *   D:4 *([*   D:9 (

Annotations:
D:12 Rupert


Innate Abilities, Weirdness & Mutations

You have very sharp teeth.
Your uncanny sense of smell can sniff out nearby items.
Your experience applies equally to all skills.


Message History

Aim: Rupert, wielding a +4 great mace of draining and wearing a +0 scale mail (heavily wounded, berserk, 81% to hit)
The stone arrow hits Rupert!
Rupert is heavily wounded.
The wall freezes Rupert but does no damage.
Rupert hits you with a +4 great mace of draining!
You feel drained.
Casting: Stone Arrow (safe; 1% risk of failure)
Confirm with . or Enter, or press ? or * to list all spells.
Aiming: Stone Arrow (safe; 1% risk of failure)
Press: ? - help, Shift-Dir - straight line, f/p - Rupert
Aim: Rupert, wielding a +4 great mace of draining and wearing a +0 scale mail (heavily wounded, berserk, 81% to hit)
The stone arrow hits Rupert!
Rupert is severely wounded.
The wall freezes Rupert.
You block Rupert's attack.
The wall freezes Rupert.
Rupert misses you.
Casting: Stone Arrow (safe; 1% risk of failure)
Confirm with . or Enter, or press ? or * to list all spells.
Aiming: Stone Arrow (safe; 1% risk of failure)
Press: ? - help, Shift-Dir - straight line, f/p - Rupert
Aim: Rupert, wielding a +4 great mace of draining and wearing a +0 scale mail (severely wounded, berserk, 81% to hit)
The stone arrow hits Rupert!!
Rupert is almost dead.
The wall freezes Rupert!
Rupert hits you with a +4 great mace of draining!
You feel drained.
Casting: Stone Arrow (safe; 1% risk of failure)
Confirm with . or Enter, or press ? or * to list all spells.
Aiming: Stone Arrow (safe; 1% risk of failure)
Press: ? - help, Shift-Dir - straight line, f/p - Rupert
Aim: Rupert, wielding a +4 great mace of draining and wearing a +0 scale mail (almost dead, berserk, 81% to hit)
The stone arrow hits Rupert.
Rupert is almost dead.
The wall freezes Rupert.
Rupert hits you with a +4 great mace of draining!!
* * * LOW HITPOINT WARNING * * *
You feel drained.
* * * LOW HITPOINT WARNING * * *
The wall freezes Rupert but does no damage.
Rupert hits you with a +4 great mace of draining!!
You die...

#. #.......####......<
∆ ∆ #.
#.###.#.'.##....... +.
#...#.#.#..#.......
#.#####.#.####.+.......
#.#.....#...####.......
#.#.#######.# #.......
#.......#...# #.......
####'######## ########
#..@@..# ######..# #.#
∆ ... ... ..... ∆ ..##
..#


You could see Rupert (berserk).

Vanquished Creatures
  The ghost of luigi the Transmogrifier, a journeyman OpTm of Gozag (Lair:3)
  6 hydras
  A catoblepas (Lair:3)
  2 ghost crabs (Lair:2)
  A boulder beetle (D:10)
  6 two-headed ogres
  6 death yaks (Lair:5)
  A spectral catoblepas (Lair:2)
  Lodul (D:10)
  A faun (Lair:2)
  An ugly thing (D:12)
  A cyclops (D:12)
  21 elephants
  9 black mambas
  2 torpor snails
  12 cane toads
  Psyche (D:10)
  4 rime drakes
  9 komodo dragons
  A troll (D:9)
  A queen bee (Lair:3)
  12 blink frogs
  5 polar bears
  7 hornets
  A spectral dream sheep (Lair:2)
  10 dream sheep
  4 wraiths
  11 spriggans (Lair:5)
  6 wyverns
  A shadow (D:9)
  45 yaks
  2 basilisks
  Menkaure (D:4)
  2 nagas (Lair:2)
  A two-headed ogre zombie (D:11)
  A spectral cane toad (Lair:2)
  12 water moccasins
  A spectral yak (Lair:2)
  2 ice beasts
  Duvessa (D:4)
  2 orc warriors (D:9)
  6 black bears
  8 ogres
  2 sky beasts
  45 wolves
  4 boggarts (Lair:5)
  A centaur (D:9)
  5 phantoms
  3 kobold brigands (D:9)
  9 bullfrogs
  A spectral water moccasin (Lair:2)
  3 gnoll sergeants
  3 scorpions
  10 wights
  Dowan (D:4)
  2 troll zombies (D:11)
  25 killer bees
  A vampire bat (D:9)
  2 electric eels
  3 howler monkeys
  3 orc priests
  8 hounds
  5 jellies
  Jessica (D:3)
  3 iguanas (D:5)
  Ijyb (D:3)
  5 orc wizards
  5 ogre zombies (D:11)
  Robin (D:3)
  17 gnolls
  4 adders
  2 white imps
  An ufetubus (D:6)
  A worm (D:2)
  21 orcs
  9 bats
  7 endoplasms
  7 giant cockroaches
  19 goblins
  9 hobgoblins
  4 jackals (D:3)
  2 quokkas
  6 ball pythons
  4 frilled lizards
  4 goblin zombies (D:11)
  A hobgoblin skeleton (D:11)
  3 hobgoblin zombies (D:11)
  7 kobolds
  5 orc skeletons (D:11)
  12 orc zombies (D:11)
  4 rats
530 creatures vanquished.

Vanquished Creatures (others)
  A bush (Lair:5)
  28 fungi
  58 plants
87 creatures vanquished.

Grand Total: 617 creatures vanquished

Notes
Turn   | Place    | Note
-------+----------+-------------------------------------------
     0 | D:1      | mandoloar the Gnoll Earth Elementalist began the quest for
                  | the Orb.
     0 | D:1      | Reached XP level 1. HP: 13/13 MP: 6/6
   359 | D:1      | Reached XP level 2. HP: 19/19 MP: 5/7
  1174 | D:2      | Reached skill level 5 in Spellcasting
  1174 | D:2      | Reached XP level 3. HP: 19/25 MP: 5/9
  1180 | D:2      | Reached skill level 1 in Invocations
  1182 | D:2      | Reached skill level 1 in Fighting
  1182 | D:2      | Reached skill level 1 in Short Blades
  1182 | D:2      | Reached skill level 1 in Long Blades
  1182 | D:2      | Reached skill level 1 in Axes
  1182 | D:2      | Reached skill level 1 in Maces & Flails
  1182 | D:2      | Reached skill level 1 in Polearms
  1182 | D:2      | Reached skill level 1 in Staves
  1182 | D:2      | Reached skill level 1 in Ranged Weapons
  1182 | D:2      | Reached skill level 1 in Throwing
  1182 | D:2      | Reached skill level 1 in Armour
  1182 | D:2      | Reached skill level 1 in Shields
  1182 | D:2      | Reached skill level 1 in Unarmed Combat
  1182 | D:2      | Reached skill level 1 in Evocations
  1430 | D:2      | Reached XP level 4. HP: 32/32 MP: 8/11
  1438 | D:2      | Learned a level 3 spell: Stone Arrow
  1759 | D:2      | Found Ycixaap's General Store.
  1897 | D:3      | Noticed Ijyb
  2063 | D:3      | Noticed Robin
  2064 | D:3      | Reached skill level 1 in Conjurations
  2064 | D:3      | Reached skill level 1 in Hexes
  2064 | D:3      | Reached skill level 1 in Summonings
  2064 | D:3      | Reached skill level 1 in Necromancy
  2064 | D:3      | Reached skill level 1 in Translocations
  2064 | D:3      | Reached skill level 1 in Fire Magic
  2064 | D:3      | Reached skill level 1 in Ice Magic
  2064 | D:3      | Reached skill level 1 in Air Magic
  2064 | D:3      | Reached skill level 1 in Poison Magic
  2084 | D:3      | Killed Robin
  2219 | D:3      | Noticed a scorpion
  2224 | D:3      | Killed a scorpion
  2225 | D:3      | Reached XP level 5. HP: 27/37 MP: 3/12
  2577 | D:3      | Killed Ijyb
  2876 | D:3      | Noticed Jessica
  2880 | D:3      | Killed Jessica
  2881 | D:3      | Reached XP level 6. HP: 44/44 MP: 6/13
  3091 | D:3      | Found a basalt altar of Yredelemnul.
  3295 | D:3      | Found a glowing golden altar of the Shining One.
  3502 | D:4      | Found Big Uteh's Armour Shoppe.
  3504 | D:4      | Found Wayber Feont's General Store.
  3504 | D:4      | Found Emut Kou's Assorted Antiques.
  3507 | D:4      | Noticed a sky beast
  3515 | D:4      | Found Uhiviw's Weapon Shoppe.
  3527 | D:4      | Killed a sky beast
  3528 | D:4      | Reached skill level 5 in Dodging
  4583 | D:4      | Noticed Menkaure
  4586 | D:4      | Killed Menkaure
  4587 | D:4      | Reached XP level 7. HP: 51/51 MP: 8/15
  5108 | D:5      | Entered Level 5 of the Dungeon
  5108 | D:5      | Noticed Duvessa
  5108 | D:5      | Noticed Dowan
  5118 | D:4      | Killed Duvessa
  5119 | D:4      | Reached skill level 5 in Stealth
  5122 | D:4      | Killed Dowan
  5615 | D:5      | Reached XP level 8. HP: 58/58 MP: 12/16
  6620 | D:6      | Found a sacrificial altar of Ru.
  7359 | D:6      | Found a staircase to the Ecumenical Temple.
  7366 | Temple   | Entered the Ecumenical Temple
  7366 | Temple   | Found a transporter.
  7366 | Temple   | Found a transporter.
  7368 | Temple   | Found a transporter.
  7368 | Temple   | Found a transporter.
  7383 | Temple   | Became a worshipper of Vehumet
  8236 | D:7      | Reached XP level 9. HP: 65/65 MP: 12/18
  9778 | D:8      | Noticed a two-headed ogre
  9795 | D:8      | Killed a two-headed ogre
  9796 | D:8      | Reached skill level 5 in Invocations
 10147 | D:8      | Noticed a boulder beetle
 10160 | D:8      | Identified a scroll of acquirement
 10160 | D:8      | Acquired the +0 pair of gloves of Usmonaq {rPois rC+ Str+2}
 10425 | D:9      | Noticed a two-headed ogre
 10443 | D:9      | Killed a two-headed ogre
 10444 | D:9      | Reached skill level 5 in Fighting
 10444 | D:9      | Reached skill level 5 in Short Blades
 10444 | D:9      | Reached skill level 5 in Long Blades
 10444 | D:9      | Reached skill level 5 in Axes
 10444 | D:9      | Reached skill level 5 in Maces & Flails
 10444 | D:9      | Reached skill level 5 in Polearms
 10444 | D:9      | Reached skill level 5 in Staves
 10444 | D:9      | Reached skill level 5 in Ranged Weapons
 10444 | D:9      | Reached skill level 5 in Throwing
 10444 | D:9      | Reached skill level 5 in Armour
 10444 | D:9      | Reached skill level 5 in Shields
 10444 | D:9      | Reached skill level 5 in Unarmed Combat
 10444 | D:9      | Reached skill level 5 in Evocations
 10444 | D:9      | Reached XP level 10. HP: 37/74 MP: 1/20
 10447 | D:9      | Reached * piety under Vehumet
 10447 | D:9      | Offered knowledge of Shock by Vehumet.
 10622 | D:9      | Found Wumidweesch's Antique Weapon Emporium.
 11239 | D:8      | Reached skill level 5 in Transmutations
 12036 | D:9      | Noticed a two-headed ogre
 12055 | D:8      | HP: 3/76 [two-headed ogre/+0 giant club (9)]
 12056 | D:8      | Killed a two-headed ogre
 12659 | D:9      | Reached skill level 5 in Conjurations
 12659 | D:9      | Reached skill level 5 in Hexes
 12659 | D:9      | Reached skill level 5 in Summonings
 12659 | D:9      | Reached skill level 5 in Necromancy
 12659 | D:9      | Reached skill level 5 in Translocations
 12659 | D:9      | Reached skill level 5 in Fire Magic
 12659 | D:9      | Reached skill level 5 in Ice Magic
 12659 | D:9      | Reached skill level 5 in Air Magic
 12659 | D:9      | Reached skill level 5 in Poison Magic
 12696 | D:9      | Reached XP level 11. HP: 60/81 MP: 11/22
 12760 | D:9      | Noticed a two-headed ogre
 12765 | D:9      | Killed a two-headed ogre
 13176 | D:9      | Noticed a two-headed ogre
 13195 | D:9      | Killed a two-headed ogre
 13570 | D:9      | Found a sparkling altar of Nemelex Xobeh.
 13581 | D:9      | Found a stormy altar of Qazlal.
 13697 | D:9      | Found a white marble altar of Elyvilon.
 13817 | D:10     | Entered Level 10 of the Dungeon
 13826 | D:10     | Identified the +1 pair of boots "Jaskai" {Will+}
 13908 | D:10     | Noticed Psyche
 13919 | D:10     | Killed Psyche
 14254 | D:10     | Offered knowledge of Poisonous Vapours by Vehumet.
 14314 | D:10     | Reached ** piety under Vehumet
 14458 | D:10     | Found a staircase to the Lair.
 14750 | D:10     | Found a blossoming altar of Fedhas.
 14911 | D:10     | Found an iron altar of Okawaru.
 14914 | D:10     | Found a shimmering blue altar of Sif Muna.
 15116 | D:10     | Identified the +9 falchion of Conversion {venom, rElec rF-
                  | Str+5}
 15140 | D:10     | Noticed Lodul
 15573 | D:10     | Killed Lodul
 15800 | Lair:1   | Entered Level 1 of the Lair of Beasts
 16156 | Lair:1   | Noticed a boulder beetle
 16490 | Lair:1   | Reached XP level 12. HP: 44/91 MP: 17/24
 17090 | Lair:1   | Offered knowledge of Searing Ray by Vehumet.
 19391 | Lair:2   | Found a staircase to the Snake Pit.
 19669 | Lair:2   | Reached *** piety under Vehumet
 20501 | Lair:2   | Offered knowledge of Frozen Ramparts by Vehumet.
 20524 | Lair:2   | Learned a level 3 spell: Frozen Ramparts
 21093 | Lair:2   | Reached XP level 13. HP: 87/98 MP: 18/26
 21283 | Lair:2   | Reached **** piety under Vehumet
 21470 | Lair:2   | Found a staircase to the Swamp.
 22298 | Lair:3   | Noticed luigi's ghost (journeyman OpTm)
 22464 | Lair:3   | Found a transporter.
 22573 | Lair:3   | Found a transporter.
 22717 | Lair:3   | Identified the +0 pair of gloves of Haschox {-Cast rElec
                  | rCorr Str+8}
 22819 | Lair:3   | Reached skill level 10 in Spellcasting
 23246 | Lair:3   | Offered knowledge of Airstrike by Vehumet.
 23264 | Lair:3   | Killed luigi's ghost
 23644 | Lair:4   | Reached skill level 10 in Dodging
 24759 | Lair:4   | Reached skill level 10 in Stealth
 24909 | Lair:5   | Entered Level 5 of the Lair of Beasts
 25174 | Lair:5   | Found a staircase to the Slime Pits.
 25260 | Lair:4   | Reached skill level 10 in Invocations
 25260 | Lair:4   | Reached XP level 14. HP: 33/108 MP: 23/28
 25573 | Lair:5   | Reached ***** piety under Vehumet
 25584 | Lair:5   | Offered knowledge of Arcjolt by Vehumet.
 27210 | Lair:5   | Found the +8 autumn katana {manifold assault}
 27446 | Lair:5   | Reached skill level 10 in Earth Magic
 27781 | Lair:5   | Offered knowledge of Flame Wave by Vehumet.
 27803 | Lair:5   | Learned a level 4 spell: Flame Wave
 27819 | Lair:5   | Reached skill level 10 in Fighting
 27819 | Lair:5   | Reached skill level 10 in Short Blades
 27819 | Lair:5   | Reached skill level 10 in Long Blades
 27819 | Lair:5   | Reached skill level 10 in Axes
 27819 | Lair:5   | Reached skill level 10 in Maces & Flails
 27819 | Lair:5   | Reached skill level 10 in Polearms
 27819 | Lair:5   | Reached skill level 10 in Staves
 27819 | Lair:5   | Reached skill level 10 in Ranged Weapons
 27819 | Lair:5   | Reached skill level 10 in Throwing
 27819 | Lair:5   | Reached skill level 10 in Armour
 27819 | Lair:5   | Reached skill level 10 in Shields
 27819 | Lair:5   | Reached skill level 10 in Unarmed Combat
 27819 | Lair:5   | Reached skill level 10 in Evocations
 28642 | D:10     | Reached XP level 15. HP: 83/115 MP: 27/30
 29002 | D:11     | Found a glowing silver altar of Zin.
 29002 | D:11     | Noticed an angel
 29078 | D:11     | Found a staircase to the Orcish Mines.
 29968 | D:12     | Noticed Rupert
 29985 | D:12     | Mangled by Rupert

Illustrated notes

Levels and vault maps discovered:
D:1:      pf_arrival_petrified_forest, layout_basic, serial_glass,
          glass_columns_b, glass_columns_b, kennysheep_minor_cross
D:2:      layout_loops_ring, serial_shops, nicolae_lakefront_shop,
          minmay_pentomino_q4
D:3:      layout_loops_corners, tso_oasis_becter, marbit_many_paths,
          roderic_nine_men_s_morris, grunt_ministairs_13,
          kennysheep_generic_room_16, uniq_jessica, uniq_robin, uniq_ijyb
D:4:      layout_layer_cave, minmay_shop_grid_forest, uniq_menkaure
D:5:      layout_gridville, hangedman_decor_clover_reticule, uniq_duvessa
D:6:      layout_loops_ring, nicolae_ru_awakened_eye, minmay_temple_entry_fiery
D:7:      layout_gridville
D:8:      layout_gridville
D:9:      minmay_four_partial_circles, layout_rooms,
          mainiacjoe_overflow_alcove_1, mainiacjoe_overflow_large_starburst,
          serial_shops, shop, roderic_batcave, serial_bayou_pond_d,
          minmay_crystal_water
D:10:     layout_loops_cross, lemuel_coloured_pillars_altar,
          nicolae_overflow_squiral, david_lair_generic, uniq_psyche, uniq_lodul
D:11:     layout_cave_pools, zombieorc2_lemuel, zin_angel
D:12:     layout_roguey, gammafunk_ghost_ooze, uniq_rupert
Temple:   hellmonk_temple_divided_pantheon
Lair:1:   layout_cave_pods, beast_lair_carwin_11
Lair:2:   layout_gridlike, nicolae_swamp_entry_spooky,
          guppyfry_snake_entry_island, grunt_forest_large_clearings
Lair:3:   layout_long_grid, gammafunk_ghost_hive, minivault_24
Lair:4:   layout_loops_ring, small_statue_intersection
Lair:5:   minmay_lair_end_enchanted_forest, layout_loops_ring,
          nicolae_slime_entry_slimehenge, lemuel_fruit_fields,
          grunt_megastairs_3, lemuel_fruit_fields

Skill      XL: |  1  2  3  4  5  6  7  8  9 10 11 12 13 14 15 |
---------------+----------------------------------------------+-----
Transmutations | 2 3 4 5 6 7 8 |  8.8
Spellcasting   | 5 6 7 8 9 10 11 | 11.3
Invocations    | 1 2 3 4 5 6 7 8 10 11 | 11.0
Fighting       | 1 2 3 5 6 7 8 9 10 | 10.1
Short Blades   | 1 2 3 5 6 7 8 9 10 | 10.1
Long Blades    | 1 2 3 5 6 7 8 9 10 | 10.1
Axes           | 1 2 3 5 6 7 8 9 10 | 10.1
Maces & Flails | 1 2 3 5 6 7 8 9 10 | 10.1
Polearms       | 1 2 3 5 6 7 8 9 10 | 10.1
Staves         | 1 2 3 5 6 7 8 9 10 | 10.1
Ranged Weapons | 1 2 3 5 6 7 8 9 10 | 10.1
Throwing       | 1 2 3 5 6 7 8 9 10 | 10.1
Armour         | 1 2 3 5 6 7 8 9 10 | 10.1
Shields        | 1 2 3 5 6 7 8 9 10 | 10.1
Unarmed Combat | 1 2 3 5 6 7 8 9 10 | 10.1
Evocations     | 1 2 3 5 6 7 8 9 10 | 10.1
Conjurations   | 1 2 3 4 5 6 7 8 |  8.5
Hexes          | 1 2 3 4 5 6 7 8 |  8.5
Summonings     | 1 2 3 4 5 6 7 8 |  8.5
Necromancy     | 1 2 3 4 5 6 7 8 |  8.5
Translocations | 1 2 3 4 5 6 7 8 |  8.5
Fire Magic     | 1 2 3 4 5 6 7 8 |  8.5
Ice Magic      | 1 2 3 4 5 6 7 8 |  8.5
Air Magic      | 1 2 3 4 5 6 7 8 |  8.5
Poison Magic   | 1 2 3 4 5 6 7 8 |  8.5
Dodging        | 5 6 7 8 9 10 11 | 11.1
Stealth        | 5 6 7 8 9 10 11 | 11.0
Earth Magic    | 6 7 8 9 10 | 10.1

Action                     |  1- 3 |  4- 6 |  7- 9 | 10-12 | 13-15 || total
---------------------------+-------+-------+-------+-------+-------++-------
  Melee: Flail             |       |    10 |       |       |       ||    10
         Bite              |       |     2 |     2 |    24 |    19 ||    47
         Morningstar       |       |       |    17 |    98 |    54 ||   169
         Katana            |       |       |       |       |   135 ||   135
   Fire: Sling             |       |       |       |     3 |    28 ||    31
   Cast: Sandblast         |    32 |    64 |   119 |   131 |    10 ||   356
         Stone Arrow       |       |    13 |    42 |   286 |   386 ||   727
         Frozen Ramparts   |       |       |       |       |    42 ||    42
         Flame Wave        |       |       |       |       |    11 ||    11
    Use: Scroll            |     3 |       |    16 |     6 |     7 ||    32
         Potion            |       |       |     2 |     1 |     2 ||     5
   Stab: Sleeping          |       |       |       |       |     4 ||     4
 Armour: Robe              |     2 |    16 |    20 |   102 |   123 ||   263
  Dodge: Dodged            |     3 |    40 |    76 |   334 |   314 ||   767
  Block: Buckler           |       |       |    11 |   131 |   135 ||   277
         Kite shield       |       |       |       |       |    29 ||    29

Table legend: (Time is in decaauts)
 A = Elapsed time spent in this place.
 B = Non-inter-level travel time spent in this place.
 C = Inter-level travel time spent in this place.
 D = Time resting spent in this place.
 E = Time spent auto-exploring this place.
 F = Levels seen in this place.
 G = Mean time per level.
                   A        B        C        D        E       F      G
               +--------+--------+--------+--------+--------+-----+--------+
         Total |  30276 |  28662 |   1614 |  12515 |  11403 |  18 | 1682.0 |
       Dungeon |  18079 |  16891 |   1188 |   6738 |   7614 |  12 | 1506.6 |
        Temple |     39 |     30 |      9 |      0 |      3 |   1 |   39.0 |
          Lair |  12156 |  11739 |    417 |   5777 |   3786 |   5 | 2431.2 |
               +--------+--------+--------+--------+--------+-----+--------+

Top non-repeatable levels by time:
  Lair:1: 3371 daAuts
     D:9: 3240 daAuts
  Lair:5: 2811 daAuts
  Lair:2: 2277 daAuts
  Lair:4: 2218 daAuts
    D:10: 2122 daAuts
     D:8: 1914 daAuts
     D:4: 1871 daAuts
     D:3: 1787 daAuts
     D:7: 1531 daAuts
  Lair:3: 1477 daAuts
     D:5: 1442 daAuts
     D:6: 1088 daAuts
     D:1: 1048 daAuts
     D:2: 907 daAuts
